 Dungeon Crawl Stone Soup version 0.31.0-11-ge490571c62 (webtiles) character file.

Game seed: 2012108023695793594

382588 browni3141 the Dealer of Despair (level 21, -1/150 HPs)
             Began as a Barachi Monk on Feb 4, 2024.
             Was an Elder of Kikubaaqudgha.
             Slain by a tentacled monstrosity (10 damage)
             ... on level 5 of the Realm of Zot.
             The game lasted 02:48:07 (12996 turns).

browni3141 the Dealer of Despair (Barachi Monk)    Turns: 12996, Time: 02:48:07

Health: -1/150     AC: 17    Str: 18    XL:     21   Next: 62%
Magic:  22/38      EV: 13    Int: 16    God:    Kikubaaqudgha [****..]
Gold:   655        SH:  6    Dex: 22    Spells: 2/47 levels left

rFire   + . .        N - +9 scimitar (flame)
rCold   + . .        O - +0 buckler {AC+3}
rNeg    . . .        x - +0 swamp dragon scales
rPois   +            (helmet restricted)
rElec   +            T - scarf {repulsion}
rCorr   +            t - +2 pair of gloves {Dex+3}
SInv    +            E - +1 pair of boots {Fly}
Will    +....        D - amulet "Quoce" {^Contam Regen+ rCorr Str+4 Slay+3}
Stlth   +            V - ring of wizardry
HPRegen 1.25/turn    L - ring of see invisible
MPRegen 0.26/turn

%: repel missiles, wizardry (x1)
@: resistant, unable to hop, on death's door cooldown, flying, constricted, slow
A: amphibious, slowness 1, strong legs 2, +LOS, horns 1, agile 1, dopey 1, wild
magic 1, inability to read after injury 1
}: 3/15 runes: decaying, serpentine, slimy
a: Hop, Renounce Religion, Unearth Wretches


You were on level 5 of the Realm of Zot.
You worshipped Kikubaaqudgha.
Kikubaaqudgha was greatly pleased with you.
You visited 9 branches of the dungeon, and saw 45 of its levels.

You collected 2128 gold pieces.
You spent 1473 gold pieces at shops.

Inventory:

Hand Weapons
 d - the +4 flail of Fragile Peace {heavy, rC+ Int+2}
   (You found it on level 5 of the Pits of Slime)

   Int+2:     It affects your intelligence (+2).
   rC+:       It protects you from cold.
 l - the +6 quarterstaff of Insufficient Pleasure {holy, rElec Str+6 Int+6}
   (You found it on level 5 of the Pits of Slime)

   Str+6:     It affects your strength (+6).
   Int+6:     It affects your intelligence (+6).
   rElec:     It insulates you from electricity.
 N - a +9 scimitar of flaming (weapon)
Missiles
 C - a throwing net
 Q - 3 curare-tipped darts
Armour
 b - the +1 leather armour of Unbearable Liberty {Rampage rF+ rN+ Int+4}
   (You found it on level 2 of the Snake Pit)

   Int+4:     It affects your intelligence (+4).
   rF+:       It protects you from fire.
   rN+:       It protects you from negative energy.
   Rampage:   It bestows one free step when moving towards enemies.
 h - a +2 helmet
 t - a +2 pair of gloves of dexterity (worn)
 x - +0 swamp dragon scales (worn)
 B - +0 fire dragon scales
 E - a +1 pair of boots of flying (worn)
 O - a +0 buckler of protection (worn)
 T - a scarf of repulsion (worn)
Magical Staves
 K - a staff of air
 X - the staff of a bailey {rF+ Will+ Conj}
   (You found it on level 10 of the Dungeon)

   [staff of conjuration]

   Base accuracy: +5 Base damage: 5 Base attack delay: 1.2 This weapon's minimum
   attack delay (0.6) is reached at skill level 12.
   rF+:       It protects you from fire.
   Will+:     It increases your willpower.
   Conj:      It increases the power of your Conjurations spells.
   It falls into the 'Staves' category.
   It is a one-handed weapon.
Jewellery
 e - a ring of fire
 i - a +6 ring of intelligence
 y - a ring of resist corrosion
 D - the amulet "Quoce" (around neck) {^Contam Regen+ rCorr Str+4 Slay+3}
   (You found it on level 2 of the Snake Pit)

   [amulet of regeneration]

   Str+4:     It affects your strength (+4).
   Slay+3:    It affects your accuracy & damage with ranged weapons and melee
   (+3).
   ^Contam:   It causes magical contamination when unequipped.
   Regen+:    It increases your rate of health regeneration.
   rCorr:     It protects you from acid and corrosion.
 L - a ring of see invisible (right hand)
 V - a ring of wizardry (left hand)
Wands
 c - a wand of mindburst (15)
 u - a wand of iceblast (13)
 G - a wand of flame (15)
 R - a wand of quicksilver (17)
 Y - a wand of charming (13)
 Z - a wand of polymorph (15)
Scrolls
 f - 4 scrolls of enchant armour
 j - a scroll of blinking
 k - 5 scrolls of teleportation
 o - 2 scrolls of amnesia
 p - 4 scrolls of fog
 r - 2 scrolls of fear
 w - 4 scrolls of vulnerability
 A - a scroll of revelation
 F - 3 scrolls of silence
 I - a scroll of noise
 J - a scroll of enchant weapon
Potions
 a - 4 potions of invisibility
 g - a potion of haste
 m - 7 potions of brilliance
 n - 3 potions of enlightenment
 q - 2 potions of curing
 s - 5 potions of might
 H - 2 potions of attraction
 M - a potion of cancellation
 P - 4 potions of lignification
Miscellaneous
 S - a sack of spiders (inert)
 W - a lightning rod (4/4)


   Skills:
 - Level 9.0 Fighting
 - Level 14.0 Long Blades
 - Level 6.0 Armour
 - Level 8.0 Dodging
 - Level 4.0 Shields
 + Level 13.8 Spellcasting
 - Level 4.0 Hexes
 * Level 26.5 Necromancy
 - Level 3.0 Translocations
 - Level 3.0 Evocations


You had 2 spell levels left.
You knew the following spells:

 Your Spells              Type           Power      Damage    Failure   Level
a - Vampiric Draining     Necr           90%        2d12      1%          3
b - Infestation           Necr           45%        N/A       1%          8
c - Death Channel         Necr           45%        N/A       1%          6
d - Dispel Undead         Necr           90%        3d29      1%          4
e - Sublimation of Blood  Necr           90%        N/A       1%          2
f - Borgnjor's Revivific  Necr           45%        N/A       1%          8
g - Anguish               Hex/Necr       33%        N/A       1%          4
h - Death's Door          Necr           45%        N/A       13%         9
i - Apportation           Tloc           52%        N/A       2%          1

Your spell library contained the following spells:

 Spells                   Type           Power      Damage    Failure   Level
 Kiss of Death            Conj/Necr      100%       2d13      1%          1
 Necrotise                Necr           100%       1d9       1%          1
 Cigotuvi's Dreadful Rot  Necr/Alch/Air  100%       N/A       1%          2
 Sting                    Conj/Alch      56%        1d6       8%          1
 Summon Small Mammal      Summ           56%        N/A       8%          1
 Fugue of the Fallen      Necr           90%        N/A       1%          3
 Animate Dead             Necr           90%        N/A       1%          4
 Martyr's Knell           Necr/Summ      62%        N/A       1%          4
 Borgnjor's Vile Clutch   Necr/Erth      31%        N/A       1%          5
 Curse of Agony           Necr           90%        N/A       1%          5
 Tukima's Dance           Hex            30%        N/A       4%          3
 Manifold Assault         Tloc           26%        N/A       21%         4
 Passage of Golubria      Tloc           26%        N/A       21%         4
 Haunt                    Necr/Summ      31%        N/A       24%         7
 Ignite Poison            Fire/Alch      14%        N/A       52%         4
 Petrify                  Alch/Erth      14%        N/A       52%         4
 Silence                  Hex/Air        11%        N/A       58%         5
 Yara's Violent Unravell  Hex/Alch       11%        3d6       58%         5
 Dispersal                Tloc           13%        N/A       93%         6
 Disjunction              Tloc           13%        N/A       100%        8
 Lehudib's Crystal Spear  Conj/Erth      7%         10d3      100%        8


Dungeon Overview and Level Annotations

Branches:
Dungeon (15/15)            Temple (1/1) D:5            Lair (5/5) D:10
  Swamp (4/4) Lair:3        Snake (4/4) Lair:2        Slime (5/5) Lair:4
    Orc (2/2) D:10         Vaults (0/5) D:14         Depths (4/4) D:15
    Zot (5/5) Depths:4
    Elf: Orc:2

Altars:
Ashenzari
Cheibriados
Dithmenos
Elyvilon
Fedhas
Gozag
Hepliaklqana
Kikubaaqudgha
Makhleb
Nemelex Xobeh
Okawaru
Qazlal
Ru
Sif Muna
Trog
Uskayaw
Vehumet
Wu Jian
Xom
Yredelemnul
Zin
The Shining One
Jiyva

Shops:
D:6 :   D:12 *   D:14 ?[*:   Orc:2 (([[   Depths:3 ((=   Depths:4 *

Portals:
Abyss: Depths:4
Ziggurat: Depths:4
Volcano: Orc:2

Annotations:
D:6 2 transporters
D:9 1 runed translucent door, Krumphau's ghost, journeyman MiFi


Innate Abilities, Weirdness & Mutations

You are amphibious.
You cover ground slowly.
You can hop long distances.
You have an extended range of vision and can be seen from far away.
You have a pair of small horns on your head.
You are agile. (Dex +4, Str/Int -1)
You are dopey. (Int -2)
Your spells are a little harder to cast, but a little more powerful.
You occasionally lose the ability to read scrolls when taking damage.


Message History

Your spectral golden dragon tramples the storm dragon but does no damage.
A moth of wrath comes into view.
Found an escape hatch in the ceiling.
Found two stone staircases leading down.
The moth of wrath goads the tentacled monstrosity on!
The tentacled monstrosity goes berserk!
Aiming: Charm
Press: ? - help, Shift-Dir - straight line, f - tentacled monstrosity
Aim: a tentacled monstrosity (berserk, chance to affect: 0%)
Okay, then.
Casting: Death Channel (mildly dangerous; 1% risk of failure)
Confirm with . or Enter, or press ? or * to list all spells.
You stand defiantly in death's doorway!
You seem to hear sand running through an hourglass...
The tentacled monstrosity misses you.
The tentacled monstrosity tentacle-slaps you but does no damage.
The tentacled monstrosity tentacle-slaps you!
The tentacled monstrosity grabs you.
The tentacled monstrosity constricts you.
There is a fountain of clear blue water here.
You escape the tentacled monstrosity's grasp.
Your extra speed is starting to run out.
The tentacled monstrosity attacks as it pursues you!
The tentacled monstrosity tentacle-slaps you!
You block the tentacled monstrosity's attack.
The tentacled monstrosity tentacle-slaps you but does no damage.
The tentacled monstrosity grabs you.
The tentacled monstrosity constricts you.
The tentacled monstrosity's grasp on you weakens, but your attempt to escape fails.
You escape the tentacled monstrosity's grasp.
Your unholy channel expires.
Your spectral golden dragon fades into mist!
The moth of wrath bites you!
The tentacled monstrosity attacks as it pursues you!
You block the tentacled monstrosity's attack.
The tentacled monstrosity tentacle-slaps you but does no damage.
The tentacled monstrosity tentacle-slaps you.
The tentacled monstrosity grabs you.
The tentacled monstrosity constricts you.
The tentacled monstrosity tentacle-slaps you!
You block the tentacled monstrosity's attack.
The tentacled monstrosity tentacle-slaps you.
The tentacled monstrosity constricts you.
You escape the tentacled monstrosity's grasp.
There is a fountain of clear blue water here.
You feel yourself slow down.
Your time is quickly running out!
There is a stone staircase leading down here.
The tentacled monstrosity misses you.
The tentacled monstrosity tentacle-slaps you!
You block the tentacled monstrosity's attack.
The tentacled monstrosity barely misses you.
The tentacled monstrosity tentacle-slaps you!!
The tentacled monstrosity tentacle-slaps you! x2
The tentacled monstrosity grabs you.
You stop descending the stairs.
The tentacled monstrosity constricts you.
Unknown command.
The tentacled monstrosity's grasp on you weakens, but your attempt to escape fails.
The tentacled monstrosity barely misses you.
The tentacled monstrosity tentacle-slaps you.
The tentacled monstrosity barely misses you.
The tentacled monstrosity constricts you.
You escape the tentacled monstrosity's grasp.
The orb of fire is no longer moving slowly.
The storm dragon breathes lightning at you.
The bolt of lightning hits the orb of fire.
The orb of fire completely resists.
The bolt of lightning hits the tentacled monstrosity!
The tentacled monstrosity resists.
The bolt of lightning misses you. The bolt of lightning hits you! You resist.
The moth of wrath bites you but does no damage.
The tentacled monstrosity closely misses you.
The tentacled monstrosity tentacle-slaps you! x2
The tentacled monstrosity barely misses you.
You block the moth of wrath's attack.
You fly downwards.
Found an ichor-stained dagger and a potion of heal wounds.
Found a stone staircase leading up.
There is a stone staircase leading up here.
Okay, then.
You slice the tentacled monstrosity!! You burn the tentacled monstrosity.
You headbutt the tentacled monstrosity.
The tentacled monstrosity is lightly wounded.
The tentacled monstrosity barely misses you.
The tentacled monstrosity tentacle-slaps you!
The tentacled monstrosity completely misses you.
You block the tentacled monstrosity's attack.
The tentacled monstrosity tentacle-slaps you! x2
The tentacled monstrosity tentacle-slaps you.
The tentacled monstrosity grabs you.
The tentacled monstrosity constricts you.
You slash the tentacled monstrosity! You burn the tentacled monstrosity.
You headbutt the tentacled monstrosity.
The tentacled monstrosity is moderately wounded.
Your life is in your own hands again!
The moth of wrath bites you but does no damage.
The tentacled monstrosity tentacle-slaps you.
The tentacled monstrosity tentacle-slaps you!
You die...
Kikubaaqudgha rasps: "You have failed me!
Welcome... death!"

## <. .# ## .#
...######.##
.!......).⌠#
...........#
#.....X@..+
#.....y...#
#............
#.........####
##........#
#........#
#........+
#........#
#######.##


You could see a tentacled monstrosity (berserk) and a moth of wrath.

Vanquished Creatures
  Jorgrun (Swamp:1)
  A sphinx (Depths:4)
  3 acid blobs
  Gastronok (Lair:1)
  A storm dragon (Zot:3)
  2 draconian shifters (Zot:4)
  A rockslime (Slime:4)
  An azure jelly (Slime:5)
  A frost giant (Depths:3)
  A spectral caustic shrike (Depths:4)
  A very ugly thing (Depths:4)
  A formless jellyfish (Slime:2)
  A quicksilver ooze (Slime:2)
  A black draconian (Zot:4)
  3 red draconians
  A white draconian (Zot:1)
  A great orb of eyes (Slime:5)
  A salamander tyrant (Snake:4)
  9 hydras
  2 centaur warriors
  An anaconda (Snake:2)
  2 alligators
  A boulder beetle (Lair:5)
  A deep troll shaman (Depths:4)
  2 two-headed ogres
  Erica (D:8)
  A naga warrior (Snake:4)
  A vampire mage (Depths:3)
  An orc high priest (Orc:2)
  2 shock serpents
  2 spriggan berserkers
  A fire crab (Lair:4)
  Amaemon (D:10)
  An iron troll (Depths:4)
  5 mana vipers
  3 bog bodies
  A naga ritualist (Snake:4)
  An orb spider (shapeshifter) (Depths:3)
  A deep elf pyromancer (D:12)
  A lindwurm (Snake:4)
  A cyclops (D:14)
  An orc knight (Orc:2)
  5 ugly things
  A manticore (D:10)
  2 moths of wrath
  A kobold blastminer (Orc:2)
  15 black mambas
  3 naga magi
  A molten gargoyle (Lair:5)
  2 torpor snails (Lair:4)
  7 cane toads
  A guardian serpent (Snake:4)
  8 komodo dragons
  An orange demon (D:10)
  A rime drake (Lair:1)
  Jeremiah (D:6)
  Psyche (D:8)
  A komodo dragon (shapeshifter) (Depths:1)
  4 trolls (D:10)
  3 polar bears
  3 hornets
  5 blink frogs
  9 slime creatures
  3 shadows
  Sigmund (D:6)
  9 wyverns
  2 centaur simulacra (D:10)
  27 yaks
  Eustachio (D:6)
  A fire bat (Swamp:4)
  A hog (D:8)
  A wraith (D:9)
  A fire elemental (D:12)
  4 basilisks
  A vampire (D:10)
  2 steam dragons
  2 vampire mosquitoes (Swamp:2)
  2 nagas
  2 swamp worms (Swamp:1)
  6 water moccasins
  2 hell hounds (Lair:5)
  A swamp drake (Swamp:4)
  5 orc warriors
  A sky beast (D:7)
  5 black bears (D:8)
  3 ice beasts (D:8)
  3 laughing skulls
  2 ogres (D:5)
  14 wolves
  A phantom (D:5)
  5 centaurs
  3 kobold brigands
  5 bullfrogs
  3 gnoll sergeants
  4 scorpions
  4 wights
  4 killer bees (D:8)
  4 howler monkeys
  An electric eel (Lair:3)
  A lava snake (Lair:5)
  6 hounds
  A jelly (D:7)
  A bombardier beetle (D:5)
  5 orc priests
  A hell rat (Lair:4)
  2 sleepcaps
  4 iguanas
  8 orc wizards
  12 gnolls
  5 adders
  4 white imps
  2 ufetubi (D:7)
  2 dart slugs
  A ribbon worm (shapeshifter) (Depths:1)
  A ribbon worm (D:2)
  28 orcs
  2 endoplasms (D:3)
  6 giant cockroaches
  8 goblins
  3 hobgoblins
  A quokka (D:4)
  11 ball pythons
  4 bats
  4 frilled lizards
  16 kobolds
  2 rats
418 creatures vanquished.

Vanquished Creatures (collateral kills)
  the Royal Jelly (Slime:5)
  Frederick (Depths:3)
  Xtahua (Depths:3)
  Sojobo (Depths:1)
  A caustic shrike (Depths:3)
  2 golden dragons
  A walking crystal tome (Depths:3)
  A walking earthen tome (Depths:3)
  A quicksilver dragon (Zot:3)
  18 acid blobs
  A death cob (Zot:3)
  2 storm dragons (Zot:3)
  A nagaraja (Snake:4)
  2 tengu reavers (Depths:1)
  A draconian knight (Zot:3)
  13 rockslimes
  2 fire giants (Depths:3)
  A draconian shifter (Depths:4)
  12 azure jellies
  A frost giant (Depths:1)
  3 draconian stormcallers (Depths:4)
  7 quicksilver oozes
  7 stone giants
  2 spriggan defenders (Depths:3)
  7 formless jellyfish
  7 very ugly things
  3 eleionomae
  3 bunyips
  3 spark wasps (Depths:4)
  2 black draconians
  2 red draconians
  A white draconian (Depths:4)
  A yellow draconian (Zot:1)
  5 ettins
  An acid blob zombie (Slime:3)
  5 fire dragons
  A merfolk impaler (Depths:1)
  A rakshasa (Depths:1)
  2 ice dragons
  A quicksilver dragon skeleton (Depths:3)
  2 salamander tyrants
  A vault guard (D:14)
  5 great orbs of eyes
  A spriggan air mage (Depths:3)
  The ghost of hikkokomori the Thaumaturge, a journeyman DEEE of Jiyva (D:11)
  9 hydras
  5 alligators
  3 anacondas
  2 centaur warriors
  4 deep troll earth magi
  3 tengu warriors
  4 deep troll shamans
  4 naga warriors
  2 naga sharpshooters (Snake:4)
  2 spriggan berserkers (Depths:1)
  2 orc high priests (Orc:2)
  An occultist (Depths:1)
  2 shock serpents
  A hell knight (Depths:3)
  2 salamander mystics (Snake:4)
  A goliath frog (Swamp:1)
  An iron troll (Depths:3)
  2 spriggan riders
  9 deep trolls
  A skyshark (shapeshifter) (Depths:3)
  A skyshark (Lair:2)
  A flayed ghost (Depths:3)
  A spriggan druid (Swamp:3)
  7 mana vipers (Snake:4)
  5 glowing orange brains
  3 bog bodies
  6 naga ritualists
  A golden dragon skeleton (Depths:3)
  A spark wasp zombie (Depths:3)
  A necromancer (Depths:3)
  4 orc knights (Orc:2)
  10 swamp dragons
  2 deep elf pyromancers
  4 lindwurms
  14 ugly things
  A wolf spider zombie (D:15)
  3 shining eyes
  6 orc sorcerers (Orc:2)
  A tengu skeleton (Depths:3)
  12 salamanders
  6 will-o-the-wisps
  2 moths of wrath (Zot:3)
  12 black mambas
  A black mamba (shapeshifter) (D:14)
  3 kobold blastminers (Orc:2)
  Joseph (Lair:1)
  4 guardian serpents (Snake:4)
  5 centaur zombies (D:15)
  4 naga magi
  2 molten gargoyles (Lair:5)
  5 cane toads
  A gargoyle (D:12)
  3 eyes of devastation
  3 torpor snails
  An efreet (D:15)
  A rime drake (Lair:5)
  2 komodo dragons
  A redback zombie (D:15)
  A polar bear (Lair:4)
  10 blink frogs
  A troll (D:14)
  A tyrant leech (Swamp:2)
  6 hornets
  Prince Ribbit (D:6)
  A hornet (shapeshifter) (Depths:3)
  3 glass eyes
  A meliai zombie (D:15)
  35 slime creatures
  7 spriggans
  A culicivora (shapeshifter) (Depths:3)
  A spriggan (shapeshifter) (D:14)
  2 wyverns
  18 yaks
  A yak (shapeshifter) (D:14)
  2 fire bats (Swamp:4)
  A steam dragon (D:7)
  5 basilisks
  2 fire elementals (D:12)
  8 water elementals (Depths:1)
  2 slime creature zombies (Slime:3)
  6 golden eyes (Slime:4)
  A warg (Orc:2)
  10 nagas
  5 swamp worms
  8 water moccasins
  2 hell hounds
  11 swamp drakes
  2 hornet zombies (D:15)
  4 orc warriors
  3 ogres
  2 wolves
  A centaur (D:15)
  2 bullfrogs
  A scorpion (Lair:3)
  A wight (D:10)
  2 lava snakes (Lair:5)
  A bombardier beetle (D:7)
  8 orc priests
  6 orc wizards (Orc:2)
  4 gnolls
  12 orcs
541 creatures vanquished.

Vanquished Creatures (others)
  A juggernaut (Depths:1)
  5 golden dragons
  A titan (Depths:3)
  8 acid blobs
  A quicksilver dragon (Zot:3)
  A sphinx (Depths:3)
  A death cob (Zot:4)
  4 tengu reavers
  2 storm dragons
  A draconian monk (Zot:3)
  4 azure jellies
  3 shadow dragons
  4 fenstrider witches
  2 rockslimes
  2 draconian knights (Zot:3)
  A draconian shifter (Zot:1)
  A ghost moth (Zot:1)
  A draconian scorcher (Zot:1)
  2 draconian stormcallers
  2 formless jellyfish (Slime:3)
  3 stone giants
  2 very ugly things
  A draconian annihilator (Zot:3)
  A quicksilver ooze (Slime:1)
  A rockslime zombie (Slime:5)
  A black draconian (Zot:3)
  4 green draconians
  A spark wasp (Depths:1)
  A red draconian (Depths:4)
  A white draconian (Zot:4)
  3 yellow draconians
  2 very ugly thing zombies
  7 acid blob zombies
  3 ettins
  5 fire dragons
  2 great orbs of eyes (Slime:5)
  3 hydras
  4 fenstrider witch zombies
  2 centaur warriors (D:10)
  An alligator (Swamp:4)
  4 spriggan air magi
  An ogre mage (D:15)
  2 deep troll shamans
  3 azure jelly zombies
  A sphinx zombie (Depths:3)
  A naga warrior (Snake:3)
  An occultist (Depths:4)
  2 tengu warriors
  4 spriggan berserkers
  2 naga sharpshooters (Snake:4)
  A sun demon (Depths:1)
  3 shock serpents
  A storm dragon zombie (Depths:4)
  2 goliath frogs (Swamp:3)
  An arcanist (D:10)
  A deep troll (shapeshifter) (Depths:3)
  5 swamp dragons
  A naga ritualist (Snake:4)
  3 spriggan riders
  A flayed ghost (Depths:3)
  A bog body (Swamp:3)
  A ghost moth zombie (Zot:1)
  An alligator zombie (Swamp:4)
  A goliath frog zombie (Swamp:3)
  A steelbarb worm (shapeshifter) (Depths:3)
  A necromancer (Depths:4)
  A frost giant zombie (Depths:1)
  2 stone giant zombies
  A wolf spider (shapeshifter) (D:14)
  2 cyclopes
  A draconian zombie (Zot:1)
  2 ugly thing zombies
  A fire giant zombie (Depths:3)
  7 moths of wrath
  A salamander (Snake:4)
  2 centaur zombies
  A guardian serpent (Snake:4)
  A black mamba (Snake:4)
  A formless jellyfish zombie (Slime:3)
  2 mana viper zombies
  3 shock serpent zombies
  3 salamander zombies
  An orb spider zombie (Depths:3)
  A komodo dragon (Lair:4)
  3 great orb of eyes zombies (Slime:5)
  An iron troll zombie (Depths:3)
  A tengu conjurer (Depths:3)
  2 hydra zombies
  A troll (D:14)
  4 bloated husks
  A tyrant leech (Swamp:3)
  4 fire dragon zombies
  2 moth of wrath zombies (Zot:1)
  15 deep troll zombies
  A blink frog (Lair:4)
  A culicivora zombie (Depths:3)
  11 spriggan zombies
  3 human zombies
  A merfolk zombie (Depths:1)
  4 ettin zombies
  8 slime creatures
  5 black mamba zombies
  A water elemental (Depths:1)
  3 yaks
  A wyvern (Lair:5)
  14 slime creature zombies
  A steam dragon (D:7)
  A water moccasin (Lair:5)
  2 swamp worms (Swamp:3)
  An ogre zombie (D:15)
  3 tengu zombies
  2 cane toad zombies (Lair:5)
  A hell hound (Lair:5)
  2 swamp drakes
  A hornet zombie (Depths:3)
  3 swamp dragon zombies
  An orc warrior (D:15)
  5 blink frog zombies (Lair:5)
  A lindwurm zombie (Swamp:4)
  A centaur (D:15)
  A rime drake zombie (Lair:5)
  A komodo dragon zombie (Depths:1)
  4 water moccasin zombies (Lair:5)
  7 yak zombies
  A troll zombie (D:14)
  An electric eel (Lair:4)
  3 wolf zombies
  A hound (D:15)
  2 bullfrog zombies (Lair:2)
  A bombardier beetle (D:14)
  9 naga zombies
  A hound zombie (D:15)
  4 swamp drake zombies
  A ribbon worm zombie (Depths:1)
  2 orcs
  A ball python zombie (D:14)
  2 orc zombies (D:15)
  30 foxfires
358 creatures vanquished.

Grand Total: 1317 creatures vanquished

Notes
Turn   | Place    | Note
-------+----------+-------------------------------------------
     0 | D:1      | browni3141 the Barachi Monk began the quest for the Orb.
     0 | D:1      | Reached XP level 1. HP: 18/18 MP: 1/1
    52 | D:2      | Reached XP level 2. HP: 22/25 MP: 2/2
   137 | D:2      | Found a faded altar of an unknown god.
   231 | D:1      | Reached XP level 3. HP: 22/30 MP: 3/3
   457 | D:3      | Reached XP level 4. HP: 37/38 MP: 4/4
   462 | D:3      | Found a radiant altar of Vehumet.
   672 | D:3      | Reached XP level 5. HP: 27/43 MP: 5/5
   760 | D:3      | Reached skill level 5 in Fighting
   760 | D:3      | Reached skill level 5 in Long Blades
  1161 | D:3      | Identified the +1 chain mail "Tel Faodgh" {Stlth+}
  1216 | D:4      | Found a sacrificial altar of Ru.
  1367 | D:5      | Entered Level 5 of the Dungeon
  1434 | D:5      | Reached skill level 1 in Armour
  1434 | D:5      | Reached XP level 6. HP: 45/51 MP: 6/6
  1443 | D:5      | Reached skill level 5 in Dodging
  1559 | D:5      | Reached XP level 7. HP: 24/57 MP: 7/7
  1621 | D:5      | HP: 1/58 [ogre/+0 giant club (11)]
  1794 | D:5      | You fall into a shaft and drop 1 floor!
  1794 | D:6      | Found a glowing golden altar of the Shining One.
  1839 | D:6      | Found a snail-covered altar of Cheibriados.
  1839 | D:6      | Noticed a cyclops
  1839 | D:6      | Noticed a vampire
  1842 | D:6      | Noticed a shadow
  1852 | D:6      | Found a transporter.
  1865 | D:6      | Found a transporter.
  1894 | D:6      | Reached XP level 8. HP: 65/65 MP: 8/8
  1934 | D:7      | Found a shimmering altar of Xom.
  1941 | D:7      | Noticed a hornet
  1966 | D:7      | Killed a hornet
  2020 | D:6      | Noticed Prince Ribbit
  2070 | D:6      | Killed Prince Ribbit
  2095 | D:6      | Found Ezidurac's Self-Improvement Boutique.
  2100 | D:6      | Noticed Eustachio
  2116 | D:6      | Killed Eustachio
  2117 | D:6      | Reached XP level 9. HP: 75/75 MP: 9/9
  2194 | D:6      | Noticed Jeremiah
  2272 | D:5      | Reached skill level 1 in Spellcasting
  2754 | D:7      | Found a glowing silver altar of Zin.
  2755 | D:7      | Noticed an angel
  2839 | D:6      | Noticed Sigmund
  2850 | D:6      | Killed Sigmund
  2913 | D:6      | Killed Jeremiah
  2944 | D:6      | Found a stormy altar of Qazlal.
  2953 | D:6      | Found a shadowy altar of Dithmenos.
  3099 | D:5      | Found a staircase to the Ecumenical Temple.
  3126 | Temple   | Entered the Ecumenical Temple
  3132 | Temple   | Became a worshipper of Kikubaaqudgha
  3132 | Temple   | Reached * piety under Kikubaaqudgha
  3132 | Temple   | Received a gift from Kikubaaqudgha
  3132 | Temple   | Reached ** piety under Kikubaaqudgha
  3146 | D:5      | Learned a level 3 spell: Vampiric Draining
  3150 | D:5      | Learned a level 3 spell: Fugue of the Fallen
  3311 | D:8      | Reached skill level 1 in Necromancy
  3481 | D:9      | Reached skill level 2 in Necromancy
  3543 | D:8      | Reached skill level 10 in Long Blades
  3543 | D:8      | Reached skill level 3 in Necromancy
  3543 | D:8      | Reached XP level 10. HP: 83/83 MP: 16/16
  3588 | D:8      | Reached skill level 4 in Necromancy
  3641 | D:8      | Noticed Erica
  3656 | D:8      | Killed Erica
  3657 | D:8      | Reached skill level 5 in Necromancy
  3683 | D:8      | Found a runed translucent gate.
  3687 | D:8      | Found a runed translucent gate.
  3687 | D:8      | Found a runed translucent gate.
  3717 | D:8      | Reached *** piety under Kikubaaqudgha
  3717 | D:8      | Received a gift from Kikubaaqudgha
  3727 | D:8      | Reached skill level 6 in Necromancy
  3746 | D:8      | Noticed Psyche
  3766 | D:8      | Reached skill level 7 in Necromancy
  3772 | D:8      | Killed Psyche
  3773 | D:8      | Reached XP level 11. HP: 41/89 MP: 17/17
  3812 | D:8      | Identified the blade talisman of Spite {rC+ Int-4 Dex+3
                  | SInv}
  3833 | D:8      | Learned a level 6 spell: Death Channel
  3838 | D:8      | Learned a level 4 spell: Dispel Undead
  3929 | D:10     | Entered Level 10 of the Dungeon
  3978 | D:10     | Reached skill level 1 in Shields
  4132 | D:9      | Found a runed translucent door.
  4134 | D:9      | Noticed Krumphau's ghost (journeyman MiFi)
  4174 | D:9      | Reached skill level 8 in Necromancy
  4378 | D:10     | Noticed a centaur warrior
  4390 | D:10     | Noticed an arcanist
  4391 | D:10     | Noticed a centaur warrior
  4395 | D:10     | Noticed a centaur warrior
  4397 | D:10     | Noticed a manticore
  4458 | D:9      | Learned a level 2 spell: Sublimation of Blood
  4476 | D:10     | Found a staircase to the Orcish Mines.
  4508 | D:10     | Noticed Amaemon
  4525 | D:10     | Killed Amaemon
  4650 | D:10     | Reached **** piety under Kikubaaqudgha
  4686 | D:10     | Reached skill level 9 in Necromancy
  4722 | D:10     | Found a staircase to the Lair.
  4770 | D:10     | Identified the +0 robe of the Jolly People {rF++}
  4775 | D:10     | Killed a manticore
  4776 | D:10     | Noticed a two-headed ogre
  4788 | D:10     | Reached skill level 5 in Spellcasting
  4793 | D:10     | Killed a two-headed ogre
  4857 | D:10     | Identified the staff of a bailey {rF+ Will+ Conj}
  4860 | D:10     | Got the Atlas of the Cemetery
  4949 | D:10     | Reached XP level 12. HP: 95/95 MP: 19/19
  5005 | Lair:1   | Entered Level 1 of the Lair of Beasts
  5036 | Lair:1   | Reached skill level 1 in Evocations
  5164 | Lair:1   | Reached skill level 10 in Necromancy
  5238 | Lair:1   | Noticed Gastronok
  5270 | Lair:1   | Killed Gastronok
  5281 | Lair:2   | Noticed a four-headed hydra
  5322 | Lair:1   | Learned a level 4 spell: Animate Dead
  5440 | Lair:1   | Noticed Joseph
  5453 | Lair:1   | Killed Joseph
  5513 | Lair:2   | Found a staircase to the Snake Pit.
  5653 | Lair:2   | Reached skill level 11 in Necromancy
  5778 | Lair:2   | Reached ***** piety under Kikubaaqudgha
  5785 | Lair:2   | Noticed a skyshark
  5797 | Lair:2   | Killed a skyshark
  5807 | Lair:2   | Killed a one-headed hydra
  6002 | Lair:2   | Gained mutation: You can hop long distances. [Barachi
                  | growth]
  6002 | Lair:2   | Reached XP level 13. HP: 90/101 MP: 23/23
  6018 | Lair:2   | Learned a level 4 spell: Anguish
  6069 | Lair:3   | Reached skill level 1 in Hexes
  6105 | Lair:3   | Reached skill level 12 in Necromancy
  6528 | Lair:5   | Entered Level 5 of the Lair of Beasts
  6555 | Lair:5   | Reached skill level 13 in Necromancy
  6634 | Lair:4   | Found a staircase to the Slime Pits.
  6726 | Lair:4   | Reached skill level 14 in Necromancy
  6957 | Lair:5   | Reached XP level 14. HP: 70/108 MP: 4/24
  7066 | Lair:5   | Reached skill level 15 in Necromancy
  7071 | Lair:5   | Reached ****** piety under Kikubaaqudgha
  7110 | Lair:5   | Found a hazy altar of Hepliaklqana.
  7248 | Lair:5   | Found a large runed translucent door.
  7248 | Lair:5   | Found a large runed translucent door.
  7321 | Lair:5   | Reached skill level 16 in Necromancy
  7363 | Lair:5   | Got an earthy gem with 1106 turns to spare
  7376 | Lair:5   | Received a gift from Kikubaaqudgha (forbidden knowledge)
  7417 | Lair:3   | Found a staircase to the Swamp.
  7437 | Swamp:1  | Entered Level 1 of the Swamp
  7455 | Swamp:1  | Noticed an eleionoma
  7462 | Swamp:1  | Killed an eleionoma
  7540 | Swamp:1  | Noticed Jorgrun
  7550 | Swamp:1  | Killed Jorgrun
  7574 | Swamp:1  | Reached skill level 17 in Necromancy
  7692 | Swamp:2  | Reached XP level 15. HP: 59/113 MP: 18/25
  7831 | Swamp:3  | Reached skill level 18 in Necromancy
  8061 | Swamp:4  | Entered Level 4 of the Swamp
  8067 | Swamp:4  | Noticed a fenstrider witch
  8076 | Swamp:4  | Killed a fenstrider witch
  8081 | Swamp:4  | Reached skill level 19 in Necromancy
  8183 | Swamp:4  | Got a decaying rune of Zot
  8366 | Snake:1  | Entered Level 1 of the Snake Pit
  8395 | Snake:1  | Reached XP level 16. HP: 120/120 MP: 17/26
  8411 | Snake:1  | Reached skill level 20 in Necromancy
  8482 | Snake:2  | Identified the amulet "Quoce" {^Contam Regen+ rCorr Str+4
                  | Slay+3}
  8620 | Snake:2  | Identified the +1 leather armour of Unbearable Liberty
                  | {Rampage rF+ rN+ Int+4}
  8943 | Snake:4  | Entered Level 4 of the Snake Pit
  8986 | Snake:4  | Reached skill level 21 in Necromancy
  9045 | Snake:4  | Reached XP level 17. HP: 69/125 MP: 20/27
  9046 | Snake:4  | Reached skill level 22 in Necromancy
  9046 | Snake:4  | Reached XP level 18. HP: 72/132 MP: 21/28
  9084 | Snake:4  | Learned a level 8 spell: Infestation
  9292 | Snake:4  | Got a jade gem with 1371 turns to spare
  9294 | Snake:4  | Got a serpentine rune of Zot
  9567 | Slime:1  | Entered Level 1 of the Pits of Slime
  9574 | Slime:1  | Reached skill level 23 in Necromancy
  9584 | Slime:1  | Reached XP level 19. HP: 97/138 MP: 14/30
  9902 | Slime:4  | Found a viscous altar of Jiyva.
  9935 | Slime:5  | Entered Level 5 of the Pits of Slime
  9983 | Slime:5  | Reached skill level 24 in Necromancy
  9991 | Slime:5  | Noticed the Royal Jelly
 10037 | Slime:5  | Killed the Royal Jelly
 10038 | Slime:5  | Reached skill level 10 in Spellcasting
 10089 | Slime:5  | Found the +13 scythe of Curses {drain, curses, ^Drain}
 10115 | Slime:5  | Identified the +6 quarterstaff of Insufficient Pleasure
                  | {holy, rElec Str+6 Int+6}
 10126 | Slime:5  | Identified the +4 flail of Fragile Peace {heavy, rC+ Int+2}
 10130 | Slime:5  | Identified the +3 hand cannon "Nustrisk" {penet, ^Fragile
                  | Will- MP+9 Str+9}
 10144 | Slime:5  | Got a slimy rune of Zot
 10145 | Slime:5  | Identified the +5 flail of the Volcano {heavy, rF+ rN+}
 10195 | Slime:5  | Identified the +9 war axe "Unedosmetua" {spect, rF+}
 10398 | Orc:1    | Entered Level 1 of the Orcish Mines
 10405 | Orc:2    | Entered Level 2 of the Orcish Mines
 10601 | Orc:2    | Found Hitum's Antique Armour Emporium.
 10601 | Orc:2    | Found Junoanou's Weapon Emporium.
 10619 | Orc:2    | Reached XP level 20. HP: 87/144 MP: 3/34
 10626 | Orc:2    | Found Unwuish's Armour Boutique.
 10626 | Orc:2    | Found Uffetyab's Antique Weapon Boutique.
 10663 | Orc:2    | Bought a +1 pair of boots of flying for 247 gold pieces
 10676 | Orc:2    | Bought a pair of embroidered gloves for 292 gold pieces
 10715 | Orc:2    | Found a dark tunnel.
 10892 | D:11     | Found a runed translucent door.
 10895 | D:11     | Noticed hikkokomori's ghost (journeyman DEEE)
 10919 | D:11     | Killed hikkokomori's ghost
 10974 | D:11     | Learned a level 9 spell: Death's Door
 11022 | D:12     | Found Toozed's Assorted Antiques.
 11035 | D:12     | Bought a scroll of revelation for 202 gold pieces
 11035 | D:12     | Bought a wand of quicksilver (5) for 567 gold pieces
 11199 | D:14     | Found a gate to the Vaults.
 11217 | D:14     | Found Ymmirch's Book Shoppe.
 11248 | D:14     | Found Dingeyn's General Store.
 11259 | D:14     | Found Sehotz's Armour Emporium.
 11285 | D:14     | Found Ciruakk's Magic Scroll Shop.
 11298 | D:14     | Identified the +1 robe of Hopscotch {^Drain rC++}
 11318 | D:14     | Bought a scroll of teleportation for 45 gold pieces
 11318 | D:14     | Bought a scroll of immolation for 60 gold pieces
 11318 | D:14     | Bought a scroll of amnesia for 60 gold pieces
 11333 | D:15     | Entered Level 15 of the Dungeon
 11357 | D:15     | Found a basalt altar of Yredelemnul.
 11364 | D:15     | Reached skill level 25 in Necromancy
 11391 | D:15     | Found a staircase to the Depths.
 11406 | D:15     | Got a smoky gem with 2716 turns to spare
 11506 | D:15     | Gained mutation: You are dopey. (Int -2) [potion of
                  | mutation]
 11506 | D:15     | Gained mutation: You have a pair of small horns on your
                  | head. [potion of mutation]
 11506 | D:15     | Gained mutation: Your spells are a little harder to cast,
                  | but a little more powerful. [potion of mutation]
 11506 | D:15     | Gained mutation: You are agile. (Dex +4, Str/Int -1)
                  | [potion of mutation]
 11528 | Depths:1 | Entered Level 1 of the Depths
 11561 | Depths:1 | Noticed Sojobo
 11562 | Depths:1 | Reached skill level 5 in Armour
 11583 | Depths:1 | Paralysed by an air elemental for 1 turns
 11585 | Depths:1 | Paralysed by an air elemental for 1 turns
 11586 | Depths:1 | Killed Sojobo
 11594 | Depths:1 | Found a hazy altar of Hepliaklqana.
 11697 | Depths:3 | Found Adol's Jewellery Shoppe.
 11728 | Depths:3 | Learned a level 1 spell: Apportation
 11776 | Depths:3 | Reached skill level 1 in Translocations
 11802 | Depths:3 | Found Yziojys's Antique Weapon Shop.
 11822 | Depths:3 | Noticed Xtahua
 11823 | Depths:3 | Identified the orb of the Arcadian God {*channel, rCorr
                  | Dex+3}
 11823 | Depths:3 | Noticed Frederick
 11824 | Depths:3 | Noticed a golden dragon
 11838 | Depths:3 | Killed Xtahua
 11842 | Depths:3 | Killed Frederick
 11867 | Depths:3 | Found Epuorex's Antique Weapon Shoppe.
 11889 | Depths:4 | Entered Level 4 of the Depths
 11889 | Depths:4 | Found a one-way gateway to a ziggurat.
 12063 | Depths:3 | Noticed a caustic shrike
 12064 | Depths:3 | Reached XP level 21. HP: 116/150 MP: 27/37
 12068 | Depths:3 | Killed a caustic shrike
 12100 | Depths:3 | Got the Lectures on the Lithosphere and Flame
 12127 | Depths:4 | Found a one-way gate to the infinite horrors of the Abyss.
 12153 | Depths:4 | Reached skill level 26 in Necromancy
 12169 | Depths:4 | Found Yckuacuv's Gadget Gallery.
 12234 | Depths:4 | Noticed a golden dragon
 12246 | Depths:4 | Killed a golden dragon
 12288 | Depths:4 | Found a gate to the Realm of Zot.
 12305 | Depths:4 | Got a midnight gem with 2132 turns to spare
 12362 | Zot:1    | Entered Level 1 of the Realm of Zot
 12405 | Zot:1    | Noticed a golden dragon
 12613 | Zot:2    | Noticed a curse toe
 12706 | Zot:3    | Noticed a golden dragon
 12716 | Zot:3    | Killed a golden dragon
 12770 | Zot:4    | Noticed a golden dragon
 12773 | Zot:4    | Noticed an orb of fire
 12779 | Zot:4    | HP: 1/150 [red draconian/searing blast[a black draconian
                  | knight] (30)]
 12838 | Zot:4    | Learned a level 8 spell: Borgnjor's Revivification
 12946 | Zot:4    | Gained mutation: You occasionally lose the ability to read
                  | scrolls when taking damage. [an orb of fire]
 12994 | Zot:5    | Entered Level 5 of the Realm of Zot
 12996 | Zot:5    | Slain by a tentacled monstrosity

Illustrated notes

Levels and vault maps discovered:
D:1:      elethiomel_arrival_shortcut, layout_rooms, minmay_misc_feat_tower,
          minmay_circled_x
D:2:      layout_basic, ebering_ecumenical_altar_abandoned, basic_altar,
          minmay_diced_spiral
D:3:      cheibrodos_pilgrimage, layout_loops_cross, vehumet_crystals,
          serial_bayou, serial_bayou_pond_b, serial_bayou_pond_a,
          serial_bayou_lagoon_a, serial_bayou_shore_b
D:4:      layout_basic, nicolae_ru_sacrificial_ziggurat,
          minmay_misc_feat_columns
D:5:      layout_basic, minmay_temple_entry_nine_rooms, kennysheep_nondescript,
          grunt_ministairs_12, kennysheep_crisscross
D:6:      layout_rooms, mainiacjoe_overflow_swirl,
          gammafunk_temple_overflow_arena, amcnicky_altar_gilded,
          nicolae_shop_self_help, uniq_sigmund, uniq_jeremiah, uniq_eustachio,
          uniq_prince_ribbit1
D:7:      wad_river_or_something, layout_rooms, mainiacjoe_overflow_alcove_2,
          zin_angel
D:8:      lemuel_bear_cage, layout_basic, uniq_psyche, uniq_erica
D:9:      layout_irregular_city, hellmonk_ghost_big_iron, the_hattery
D:10:     minmay_the_grid_square_5x5_3x3
          [minmay_the_grid_square_5x5_intrusive_squares,
          minmay_the_grid_square_5x5_mess, minmay_the_grid_square_5x5_minivault,
          minmay_the_grid_square_5x5_eight_small,
          minmay_the_grid_square_5x5_megaprize_checkered,
          minmay_the_grid_square_5x5_meh, minmay_the_grid_square_5x5_n_small,
          minmay_the_grid_square_5x5_dogpile,
          minmay_the_grid_square_5x5_broken_cross], layout_irregular_city,
          lair_entry_dummy, david_orc_3, uniq_amaemon
D:11:     layout_roguey, hellmonk_ghost_happy_afterlife
D:12:     layout_basic, serial_shops, shop, uniq_azrael, uniq_nessos
D:13:     layout_loops_ring, trog_three_pillars_becter
D:14:     layout_rooms, hellmonk_vaults_order_and_chaos, serial_shops, shop,
          nicolae_stop_n_shop_2, nicolae_square_shop, shop, shop
D:15:     grunt_enter_depths_giant_problem, layout_basic,
          nicolae_yredelemnul_corpse_copse
Temple:   eino_narrow_crystal_temple
Lair:1:   layout_regular_city, nicolae_quartered_pool_super,
          infiniplex_staircase_pool_2, grunt_megastairs_5, serial_bayou_shore_a,
          uniq_gastronok, uniq_joseph
Lair:2:   layout_hall_layers, dummy_snake_entry
Lair:3:   layout_roguey, nicolae_swamp_entry_splash_gauntlet
Lair:4:   layout_big_grid, dpeg_slime_entry_corner, nicolae_lair_lakeside_cave
Lair:5:   cheibrodos_lair_end_hotspot, layout_long_grid, basic_altar
Swamp:1:  layout_basic_swamp, hangedman_swamp_ruin_wall, swamp_pool_1_2,
          st_swamp_ruins_4, nicolae_swamp_tree_isthmus, uniq_jorgrun
Swamp:2:  layout_basic_swamp, nicolae_swamp_decorative_isthmus
Swamp:3:  layout_falls_marsh, serial_swamp_ruin, evilmike_swamp_ruin_house_5,
          evilmike_swamp_ruin_house_4, evilmike_swamp_ruin_house_2
Swamp:4:  swamp_fiery, layout_basic_swamp
Snake:1:  layout_chambers, minmay_shop_grove, uniq_louise
Snake:2:  layout_cave_pods, nicolae_snake_slithery_hallway
Snake:3:  layout_rooms, drop_trap, st_stairs_3
Snake:4:  snake_pit_salamanders_mu, layout_basic, serial_curves, eino_curves_03,
          eino_curves_03
Slime:1:  layout_caves
Slime:2:  layout_caves
Slime:3:  layout_caves, uniq_dissolution
Slime:4:  layout_caves, basic_altar, dissolution_awaits
Slime:5:  slime_pit
Orc:1:    layout_caves
Orc:2:    st_orc_elflike, layout_diamond_mine, serial_shops, shop,
          nicolae_volcano_entry_two_sided, lemuel_statue_altar, abandoned_shop
Depths:1: layout_cave_pools, serial_sigils_hangedman_etch,
          abyss_entry_flame_altar, hangedman_geh_valley, kennysheep_diamond,
          kennysheep_generic_room_11, uniq_sojobo
Depths:2: box_level_dp, hell_entry, pan_entry, uniq_boris, uniq_grunn
Depths:3: minmay_concentric_multi, layout_small_grid, lightli_too_deep,
          abyss_entry, nicolae_zig_zag_zippers, serial_shops,
          nicolae_shop_advertising_works [nicolae_subvault_shop_adworks],
          nicolae_shop_pleasant_corner_grove, shop,
          hangedman_abyss_or_decor_passed, uniq_xtahua, uniq_frederick
Depths:4: evilmike_zot_entry_argh, layout_small_grid, enter_ziggurat_b,
          pf_hell_entry_tar_river, serial_bayou_pond_d, abyss_entry,
          nrook_pool_corridor, nicolae_shop_gadgets
Zot:1:    layout_basic, grunt_megastairs_1
Zot:2:    layout_concentric_octagons, st_stairs_11
Zot:3:    layout_onion
Zot:4:    layout_misc_corridors, grunt_ministairs_5
Zot:5:    layout_basic

Skill      XL: |  1  2  3  4  5  6  7  8  9 10 11 12 13 14 15 16 17 18 19 20 21 |
---------------+----------------------------------------------------------------+-----
Fighting       | 4 5 6 8 9 |  9.0
Long Blades    | 4 5 6 8 10 11 12 14 | 14.0
Dodging        | 4 5 6 7 8 |  8.0
Armour         | 1 3 6 |  6.0
Spellcasting   | 4 5 7 10 12 13 | 13.8
Necromancy     | 3 7 9 11 14 17 19 21 22 23 24 25 26 | 26.5
Shields        | 4 |  4.0
Evocations     | 3 |  3.0
Hexes          | 4 |  4.0
Translocations | 3 |  3.0

Action                     |  1- 3 |  4- 6 |  7- 9 | 10-12 | 13-15 | 16-18 | 19-21 || total
---------------------------+-------+-------+-------+-------+-------+-------+-------++-------
  Melee: Falchion          |    75 |   218 |   348 |    28 |       |       |       ||   669
         Dagger            |       |       |    23 |    29 |       |       |       ||    52
         Scimitar          |       |       |       |   396 |   412 |   103 |   266 ||  1177
         Headbutt          |       |       |       |       |       |       |    37 ||    37
         Staff             |       |       |       |       |       |       |    15 ||    15
   Fire: Sling             |       |       |     7 |       |       |       |       ||     7
   Cast: Fugue of the Fall |       |       |       |     9 |     2 |       |       ||    11
         Vampiric Draining |       |       |       |    24 |    16 |    18 |    13 ||    71
         Dispel Undead     |       |       |       |     5 |     2 |       |     8 ||    15
         Animate Dead      |       |       |       |     5 |    12 |     3 |    12 ||    32
         Death Channel     |       |       |       |       |    27 |    11 |    20 ||    58
         Anguish           |       |       |       |       |    19 |     7 |     8 ||    34
         Sublimation of Bl |       |       |       |       |     4 |     2 |     7 ||    13
         Infestation       |       |       |       |       |       |    10 |    38 ||    48
         Death's Door      |       |       |       |       |       |       |     3 ||     3
         Apportation       |       |       |       |       |       |       |     1 ||     1
 Invoke: Unearth Wretches  |       |       |       |       |     6 |     3 |    29 ||    38
         Receive Forbidden |       |       |       |       |     1 |       |       ||     1
         Torment           |       |       |       |       |       |       |     1 ||     1
Ability: Hop               |     2 |     8 |     5 |    10 |    12 |     4 |    21 ||    62
  Evoke: Wand              |       |       |     7 |    22 |     7 |     7 |    16 ||    59
         Sack of spiders   |       |       |       |     1 |     3 |     1 |     3 ||     8
         Lightning rod     |       |       |       |       |     1 |       |     1 ||     2
    Use: Scroll            |       |     3 |     4 |     4 |    10 |     6 |    23 ||    50
         Potion            |       |     1 |     2 |     7 |     3 |    10 |    18 ||    41
   Stab: Paralysed         |       |       |     1 |       |     2 |     3 |    18 ||    24
         Distracted        |       |       |       |     3 |     9 |     4 |     5 ||    21
         Invisible         |       |       |       |       |       |       |     5 ||     5
 Armour: Robe              |    42 |    66 |       |       |       |       |       ||   108
         Chain mail        |       |    97 |   156 |       |       |       |       ||   253
         Ring mail         |       |       |    92 |   340 |   319 |       |       ||   751
         Swamp dragon scal |       |       |       |       |   138 |   125 |   369 ||   632
         Skin              |       |       |       |       |       |       |     1 ||     1
  Dodge: Dodged            |    69 |   135 |   215 |   274 |   324 |    80 |   236 ||  1333
         Repelled          |       |       |       |       |       |       |     5 ||     5
  Block: Buckler           |       |       |       |    79 |   104 |    32 |    82 ||   297
